 Dungeon Crawl Stone Soup version 0.30.1-11-g7821555f0a (webtiles) character file.

Game seed: 6658767129919502824

1789 SacredBeard the Cleaver (level 9, -9/74 HPs)
             Began as a Hill Orc Fighter on Nov 10, 2023.
             Was a Believer of Beogh.
             Mangled by Menkaure (18 damage)
             ... on level 6 of the Dungeon.
             The game lasted 00:11:35 (5734 turns).

SacredBeard the Cleaver (Hill Orc Fighter)          Turns: 5734, Time: 00:11:35

Health: -9/74      AC: 10    Str: 20    XL:     9   Next: 8%
Magic:  9/9        EV:  8    Int:  8    God:    Beogh [**....]
Gold:   50         SH:  4    Dex: 10    Spells: 8/8 levels left

rFire   . . .        x - +2 whip (drain)
rCold   + . .        c - +0 buckler
rNeg    . . .        t - +0 chain mail
rPois   .            (no helmet)
rElec   .            (no cloak)
rCorr   .            (no gloves)
SInv    .            y - +0 pair of boots "Adir" {rC+ Will+ Str-3}
Will    +....        (no amulet) Stlth
                     (no ring)
HPRegen 0.32/turn    (no ring)
MPRegen 0.11/turn

%: no passive effects
@: mighty
A: no striking features
a: Renounce Religion, Smiting


You were on level 6 of the Dungeon.
You worshipped Beogh.
Beogh was pleased with you.
You visited 1 branch of the dungeon, and saw 6 of its levels.

You collected 230 gold pieces.
You spent 180 gold pieces at shops.

Inventory:

Hand Weapons
 a - a +0 war axe
 n - a +0 hand axe
 x - a +2 whip of draining (weapon)
 C - a +0 shortbow
Missiles
 f - 53 stones (quivered)
 r - 19 poisoned darts
Armour
 c - a +0 buckler (worn)
 t - a +0 chain mail (worn)
 y - the +0 pair of boots "Adir" (worn) {rC+ Will+ Str-3}
   (You bought it in a shop on level 6 of the Dungeon)

   Str:       It affects your strength (-3).
   rC:        It protects you from cold.
   Will:      It increases your willpower.
Jewellery
 s - a ring of wizardry
Scrolls
 b - a scroll of blinking {unknown}
 e - a scroll of torment {unknown}
 h - 7 scrolls of identify {unknown}
 l - 4 scrolls of teleportation {unknown}
 p - a scroll of fear {unknown}
 q - 3 scrolls of poison {unknown}
 v - a scroll of enchant weapon {unknown}
 w - a scroll of enchant armour {unknown}
 E - a scroll of amnesia {unknown}
Potions
 d - 2 potions of might
 g - a potion of berserk rage {unknown}
 i - 2 potions of brilliance {unknown}
 j - a potion of cancellation {unknown}
 k - 5 potions of curing {unknown}
 m - a potion of heal wounds {unknown}
 o - a potion of flight {unknown}
 u - a potion of degeneration {unknown}
 z - a potion of magic {unknown}
 A - a potion of haste {unknown}
 B - a potion of ambrosia {unknown}
 D - 2 potions of lignification {unknown}


   Skills:
 - Level 5.0 Fighting
 * Level 13.7 Axes
 - Level 4.0 Armour
 - Level 1.0 Dodging
 - Level 4.0 Shields


You had 8 spell levels left.
You didn't know any spells.
Your spell library contained the following spells:

 Spells                   Type           Power      Damage    Failure   Level
 Ensorcelled Hibernation  Hex/Ice        0%         N/A       99%         2
 Passwall                 Tmut/Erth      0%         N/A       99%         2
 Poisonous Vapours        Pois/Air       0%         N/A       99%         2
 Mephitic Cloud           Conj/Pois/Air  0%         N/A       100%        3
 Swiftness                Air            0%         N/A       100%        3
 Freezing Cloud           Conj/Ice/Air   0%         6-21      100%        5


Dungeon Overview and Level Annotations

Branches:
Dungeon (6/15) Zot: 26493  Temple (0/1) D:5

Altars:
Qazlal
Vehumet

Shops:
D:1 *(   D:6 *

Annotations:
D:6 Menkaure


Message History

The killer bee zombie hits you but does no damage.
Menkaure murmurs, "Let me perform the rites..."
You hit the white imp.
The white imp is heavily wounded.
You barely miss the white imp.
The white imp is heavily wounded.
You hit the white imp.
The white imp is severely wounded.
The white imp hits you but does no damage.
You hit the white imp.
You kill the white imp!
Beogh accepts your kill.
Menkaure calls on the powers of darkness!
Your body is wracked with pain!
You hit the killer bee zombie.
The killer bee zombie is heavily damaged.
The killer bee zombie closely misses you.
You hit the killer bee zombie.
The killer bee zombie is heavily damaged.
The killer bee zombie hits you but does no damage. x2
You hit the killer bee zombie.
The killer bee zombie is severely damaged.
Menkaure calls on the powers of darkness!
Your body is wracked with pain!
* * * LOW HITPOINT WARNING * * *
The killer bee zombie hits you but does no damage.
You feel very mighty all of a sudden.
The killer bee zombie hits you but does no damage.
Menkaure calls on the powers of darkness!
Your body is wracked with pain!
* * * LOW HITPOINT WARNING * * *
The killer bee zombie hits you.
* * * LOW HITPOINT WARNING * * *
You whack the killer bee zombie!
You destroy the killer bee zombie!
Beogh accepts your kill.
You whack Menkaure!
Menkaure is heavily damaged.
Menkaure hits you!!
You die...

#. ####.## ## ...... ♣♣
.#### ..... ♣.♣
....###### #... ♣♣..
.........###>##.. ..♣
...#......##.....♣..♣
.###......#######MZ.♣
.###............@♣..♣
..#..........).##♣♣.♣
..#.##.....PPP..#.♣..♣ ..
....##....P.......#♣♣.♣..
.........P....P...#..♣♣.
...###....P.8.PP.......#
...#.....P....P..##....#
...#.##...PP..P..##....#
...#.##.#...P....##....#


You could see Menkaure (fast) and a centaur zombie.

Vanquished Creatures
  Sigmund (D:5)
  An ice beast (D:5)
  2 black bears
  2 ogres (D:5)
  2 centaurs (D:5)
  A kobold brigand (D:6)
  A phantom (D:6)
  A scorpion (D:5)
  A bullfrog zombie (D:6)
  2 centaur zombies (D:6)
  A gnoll bouda (D:4)
  7 hounds
  3 jellies
  Natasha (thrice) (D:3)
  3 orc wizards
  2 killer bee zombies (D:6)
  5 gnolls
  3 adders
  3 white imps
  An ufetubus (D:5)
  A worm (D:2)
  2 dart slugs (D:3)
  17 orcs
  7 endoplasms
  5 giant cockroaches
  5 goblins
  2 hobgoblins
  12 kobolds
  2 quokkas
  5 ball pythons
  11 bats
  4 frilled lizards
  6 rats
124 creatures vanquished.

Notes
Turn   | Place    | Note
-------+----------+-------------------------------------------
     0 | D:1      | SacredBeard the Hill Orc Fighter began the quest for the
                  | Orb.
     0 | D:1      | Reached XP level 1. HP: 19/19 MP: 1/1
   152 | D:1      | Found Ekhlous's General Store.
   187 | D:1      | Reached skill level 3 in Axes
   267 | D:1      | Reached XP level 2. HP: 26/27 MP: 2/2
   324 | D:1      | Found Eppam's Antique Weapon Boutique.
   662 | D:1      | Reached XP level 3. HP: 30/33 MP: 3/3
  1706 | D:2      | Reached XP level 4. HP: 40/40 MP: 4/4
  1831 | D:3      | Found a radiant altar of Vehumet.
  1910 | D:3      | Noticed Natasha
  1927 | D:3      | Killed Natasha
  1928 | D:3      | Reached skill level 4 in Axes
  1928 | D:3      | Reached skill level 1 in Dodging
  2121 | D:3      | Noticed Natasha
  2133 | D:3      | Killed Natasha
  2136 | D:3      | Reached XP level 5. HP: 37/47 MP: 5/5
  2211 | D:3      | Became a worshipper of Beogh the Brigand
  2222 | D:3      | Noticed Natasha
  2248 | D:3      | Killed Natasha
  2627 | D:4      | Reached skill level 5 in Axes
  2968 | D:4      | Reached skill level 5 in Fighting
  3085 | D:4      | Reached XP level 6. HP: 49/56 MP: 6/6
  3250 | D:5      | Entered Level 5 of the Dungeon
  3267 | D:5      | Reached skill level 6 in Axes
  3388 | D:5      | Found a staircase to the Ecumenical Temple.
  3434 | D:5      | Reached skill level 7 in Axes
  3619 | D:5      | Noticed an ice beast
  3631 | D:5      | Killed an ice beast
  3632 | D:5      | Reached skill level 8 in Axes
  3632 | D:5      | Reached XP level 7. HP: 52/61 MP: 7/7
  3965 | D:5      | Reached skill level 9 in Axes
  3980 | D:5      | Noticed Sigmund
  4006 | D:5      | Killed Sigmund
  4046 | D:5      | Reached skill level 10 in Axes
  4046 | D:5      | Reached XP level 8. HP: 53/68 MP: 8/8
  4293 | D:5      | Reached * piety under Beogh
  4305 | D:5      | Reached skill level 11 in Axes
  4810 | D:5      | Reached skill level 12 in Axes
  4963 | D:5      | Found a stormy altar of Qazlal.
  5203 | D:6      | Found Qof Zoh's Assorted Antiques.
  5211 | D:6      | Bought a pair of slimy boots for 180 gold pieces
  5211 | D:6      | Identified the +0 pair of boots "Adir" {rC+ Will+ Str-3}
                  | (You bought it in a shop on level 6 of the Dungeon)
  5317 | D:5      | Reached skill level 13 in Axes
  5520 | D:6      | Reached XP level 9. HP: 64/74 MP: 9/9
  5572 | D:6      | Reached ** piety under Beogh
  5704 | D:6      | Noticed Menkaure
  5734 | D:6      | Mangled by Menkaure

Illustrated notes

Levels and vault maps discovered:
D:1:      sevenhm_arrival_forest_fort_small_6, layout_loops_ring, serial_shops,
          nicolae_shop_tiny_waterfront, shop, minmay_octomino_e4
D:2:      layout_basic
D:3:      layout_rooms, mainiacjoe_overflow_tiny_flanked, minivault_24,
          uniq_natasha
D:4:      layout_layer_cave
D:5:      minmay_diamond_boxcup, layout_layer_cave,
          nicolae_qazlal_eye_of_the_storm, minmay_temple_entry_large_hall,
          ebering_dispersal_statue_hall, uniq_sigmund
D:6:      layout_basic, nicolae_yredelemnul_corpse_copse, serial_shops, shop,
          gup_sewer_entry_bowl, nicolae_shop_i_like_big_books,
          dreamdust_mushroom_princess, uniq_menkaure

Skill      XL: |  1  2  3  4  5  6  7  8 |
---------------+-------------------------+-----
Axes           | 3 4 5 8 10 13 | 13.7
Fighting       | 4 5 |  5.0
Dodging        | 1 |  1.0
Shields        | 4 |  4.0
Armour         | 4 |  4.0

Action                     |  1- 3 |  4- 6 |  7- 9 || total
---------------------------+-------+-------+-------++-------
  Melee: War axe           |    40 |       |       ||    40
         Hand axe          |   113 |   159 |       ||   272
         Whip              |       |    18 |   281 ||   299
  Throw: Stone             |       |       |     5 ||     5
 Invoke: Convert to Beogh  |       |     1 |       ||     1
    Use: Potion            |       |       |     1 ||     1
 Armour: Scale mail        |    74 |    14 |       ||    88
         Chain mail        |       |    58 |   171 ||   229
  Dodge: Dodged            |    76 |    82 |   121 ||   279
  Block: Buckler           |    40 |    29 |    61 ||   130
